[Event "International chess holiday M21"]
[Site "Praha"]
[Date "2012.07.26"]
[Round "8"]
[White "Aigner, Georg"]
[Black "Nilsson, Anders"]
[Result "0-1"]
[ECO "C04"]
[WhiteElo "2007"]
[BlackElo "2194"]
[Annotator ",Martin"]
[PlyCount "84"]
[TimeControl "240+2"]

1. e4 e6 2. d4 d5 3. Nd2 Nc6 4. c3 e5 5. exd5 Qxd5 6. Qf3
Qxf3 7. Ngxf3 exd4 8. Nxd4 Nxd4 9. cxd4 Bb4 10. Bc4 Nf6 11. O-O Bxd2 12. Bxd2
Be6 13. Rfe1 Kd7 14. Bxe6+ fxe6 15. Rac1 Nd5 16. f3 Rhf8 17. Re4 a5 18. a3 Ra6
19. Rce1 a4 20. Rc1 Rb6 21. Rc2 Rb3 22. Kf2 Rf6 23. h4 Rf5 24. Bc1 Nf6 25. Re5
Ng4+ 26. Kf1 Nxe5 27. dxe5 Rd3 28. f4 h5 29. Ke2 Rd5 30. Ke3 c5 31. Bd2 Kc6 32.
g3 b5 33. Bc3 Rf7 34. Ke4 Rd1 35. Rd2 Rxd2 36. Bxd2 g6 37. Kf3 Kd5 38. g4 hxg4+
39. Kxg4 Rf5 40. Be3 b4 41. axb4 cxb4 42. Kf3 Kc4 0-1

[Event "International chess holiday K21"]
[Site "Praha"]
[Date "2012.07.26"]
[Round "8"]
[White "Schoenmakers, Nico"]
[Black "Taylor, Robert"]
[Result "1/2-1/2"]
[ECO "B56"]
[WhiteElo "1916"]
[BlackElo "1950"]
[Annotator ",Martin"]
[PlyCount "95"]
[TimeControl "240+2"]

1. e4 c5 2. Nf3 d6 3. d4 cxd4 4. Nxd4 Nf6 5. Nc3 Nc6 6.
Nb3 e6 7. Be2 Be7 8. Be3 O-O 9. Qd2 a6 10. O-O Qc7 11. f4 b5 12. Bf3 Bb7 13.
Rad1 Rac8 14. a3 Rfe8 15. Qf2 Nd7 16. Kh1 Na5 17. Nxa5 Qxa5 18. Rd2 b4 19. axb4
Qxb4 20. Rd3 Nc5 21. Bxc5 Rxc5 22. Nd1 Rc7 23. Rb3 Qa4 24. Nc3 Qd7 25. Rd1 Rec8
26. Qd4 f5 27. Be2 fxe4 28. Nxe4 Rxc2 29. Rg3 e5 30. fxe5 Bh4 31. Nf6+ Bxf6 32.
exf6 Rxe2 33. Qh4 Rxg2 34. Rxg2 Bxg2+ 35. Kxg2 gxf6 36. Qg3+ Qg7 37. Qxg7+ Kxg7
38. Rxd6 Rc2+ 39. Kg1 Rxb2 40. Rxa6 Kg6 41. Ra3 h5 42. Rg3+ Kh6 43. Rf3 Kg5 44.
Rg3+ Kf4 45. Ra3 h4 46. Ra4+ Kg5 47. h3 Kh6 48. Rxh4+ 1/2-1/2

[Event "International chess holiday K21"]
[Site "Praha"]
[Date "2012.07.26"]
[Round "8"]
[White "Hadžala, Daniel"]
[Black "Schimmer, Michael"]
[Result "1-0"]
[ECO "A66"]
[WhiteElo "2126"]
[BlackElo "1884"]
[Annotator ",Martin"]
[PlyCount "49"]
[TimeControl "240+2"]

1. d4 Nf6 2. c4 c5 3. d5 e6 4. Nc3 exd5 5. cxd5 d6 6. e4
g6 7. f4 Bg7 8. e5 Qe7 9. Nb5 Ne4 10. Qa4 Qh4+ 11. g3 Nxg3 12. hxg3 Qxh1 13.
Nxd6+ Ke7 14. Kf2 Nd7 15. Bg2 Qh5 16. Nf3 b5 17. Qa5 Bxe5 18. fxe5 Nxe5 19.
Bg5+ Kxd6 20. Nxe5 Kxe5 21. Qc3+ Kd6 22. Qf6+ Kc7 23. Qc6+ Kb8 24. Bf4+ Qe5 25.
Bxe5# 1-0

[Event "International chess holiday K21"]
[Site "Praha"]
[Date "2012.07.26"]
[Round "8"]
[White "Pokorný, Jan"]
[Black "Koper, Štefan"]
[Result "0-1"]
[ECO "A06"]
[WhiteElo "1814"]
[BlackElo "1960"]
[Annotator ",Martin"]
[PlyCount "78"]
[TimeControl "240+2"]

1. Nf3 d5 2. b3 c5 3. e3 Nf6 4. Bb2 a6 5. a4 Nc6 6. Be2
Bf5 7. O-O e6 8. Nh4 Bg6 9. f4 Nb4 10. Nxg6 hxg6 11. c3 Nc6 12. d4 Ne4 13. Nd2
Nxd2 14. Qxd2 Qh4 15. h3 Bd6 16. Qe1 Qh6 17. Qg3 Be7 18. dxc5 Bxc5 19. Ba3 Bxa3
20. Rxa3 Ne7 21. Bg4 Rc8 22. c4 dxc4 23. bxc4 Rxc4 24. Rb1 O-O 25. Rxb7 Nd5 26.
Qe1 Rfc8 27. Qa5 Nxf4 28. Qe5 Rc1+ 29. Kh2 Nxg2 30. Rb8 Nh4 31. Ra2 Nf5 32. e4
Nh4 33. Rf2 Rxb8 34. Qxb8+ Kh7 35. Qf8 f5 36. Be2 a5 37. Bd1 g5 38. exf5 Nxf5
39. Bg4 Rc5 neèitelné 0-1

[Event "International chess holiday K21"]
[Site "Praha"]
[Date "2012.07.26"]
[Round "8"]
[White "Derfiòák, Patrik"]
[Black "Krupièka, Josef"]
[Result "1-0"]
[ECO "B12"]
[WhiteElo "1992"]
[BlackElo "1879"]
[Annotator ",Martin"]
[PlyCount "37"]
[TimeControl "240+2"]

1. e4 c6 2. d4 d5 3. e5 Bf5 4. Nf3 e6 5. Be2 c5 6. c3 Nc6
7. O-O Qb6 8. Qa4 Nge7 9. dxc5 Qxc5 10. b4 Qb6 11. Be3 Qd8 12. b5 Na5 13. b6+
Nec6 14. bxa7 Be7 15. Qb5 Qd7 16. Nbd2 O-O 17. Bb6 Bd8 18. Bc5 Nxa7 19. Qxd7
1-0

[Event "International chess holiday K22"]
[Site "Praha"]
[Date "2012.07.26"]
[Round "8"]
[White "Franìk, Jan"]
[Black "Èisárik, Pavol"]
[Result "1/2-1/2"]
[ECO "C55"]
[WhiteElo "1965"]
[BlackElo "1728"]
[Annotator ",Martin"]
[PlyCount "84"]
[TimeControl "240+2"]

1. e4 e5 2. Nf3 Nc6 3. Bc4 Nf6 4. O-O Nxe4 5. d4 d5 6. Re1
Nxf2 7. Nxe5 Be6 8. Nxf7 Nxd1 9. Nxd8 Nxd8 10. Bxd5 Kd7 11. Bxe6+ Nxe6 12. Rxd1
Bd6 13. Be3 Rhf8 14. Nd2 Rae8 15. Nf3 c6 16. Re1 Rf5 17. c4 g5 18. Rad1 g4 19.
Nd2 Bb4 20. Rf1 Ng7 21. Bh6 Bxd2 22. Bxg7 Rxf1+ 23. Kxf1 Bb4 24. Be5 Rf8+ 25.
Ke2 Bd6 26. Bxd6 Kxd6 27. Rf1 Re8+ 28. Kd3 Re6 29. Rf7 Rh6 30. Rg7 Rxh2 31.
Rxg4 h5 32. Rg6+ Ke7 33. d5 cxd5 34. cxd5 h4 35. Ke3 h3 36. Kf3 Rxg2 37. Rxg2
hxg2 38. Kxg2 Kd6 39. Kf3 Kxd5 40. Ke3 Kc4 41. Kd2 a5 42. Kc2 a4 1/2-1/2

[Event "International chess holiday K22"]
[Site "Praha"]
[Date "2012.07.26"]
[Round "8"]
[White "Wolf, Ulrich"]
[Black "Vítek, Jan"]
[Result "1-0"]
[ECO "A13"]
[WhiteElo "2056"]
[BlackElo "1970"]
[Annotator ",Martin"]
[PlyCount "41"]
[TimeControl "240+2"]

1. Nf3 Nf6 2. c4 e6 3. g3 d5 4. cxd5 exd5 5. Bg2 Bd6 6.
O-O c6 7. b3 Be6 8. Bb2 Nbd7 9. d3 O-O 10. Qc2 Qc7 11. Nbd2 Rfe8 12. Rfe1 h6
13. Rac1 Rac8 14. Qb1 Qb8 15. a3 Bf5 16. Qa1 Bh7 17. Bh3 Rcd8 18. b4 Be7 19.
Ne5 Nxe5 20. Bxe5 Qa8 21. Bc7 1-0

[Event "International chess holiday K22"]
[Site "Praha"]
[Date "2012.07.26"]
[Round "8"]
[White "Bouèek, Vlastimil"]
[Black "Krischke, Arnold"]
[Result "0-1"]
[ECO "B10"]
[WhiteElo "2008"]
[BlackElo "2039"]
[Annotator ",Martin"]
[PlyCount "120"]
[TimeControl "240+2"]

1. e4 c6 2. d3 d5 3. Qe2 dxe4 4. dxe4 e5 5. Be3 Nf6 6. f3 Be6 7. g3 Nbd7 8. Nh3
Bc5 9. c3 Qb6 10. Bxc5 Nxc5 11. Nf2 O-O-O 12. Qc2 Na6 13. Be2 h5 14. b4 h4 15.
g4 Qe3 16. Nd2 Rd7 17. Nf1 Qb6 18. a3 Rhd8 19. Rd1 Rxd1+ 20. Nxd1 Ng8 21. Qc1
f6 22. g5 f5 23. exf5 Bxf5 24. Qe3 Qxe3 25. Nfxe3 Be6 26. Nc4 Bxc4 27. Bxc4 Nc7
28. Rg1 Nd5 29. Rg4 Nf4 30. Ne3 h3 31. Nf5 g6 32. Ng7 Kd7 33. Kf2 b5 34. Bf1
Ne7 35. Rh4 Rf8 36. Rh7 Rf7 37. c4 a6 38. cxb5 cxb5 39. a4 Kc6 40. axb5+ axb5
41. Rh8 Rxg7 42. Rb8 Ned5 43. Rxb5 Rb7 44. Rc5+ Kd6 45. Kg3 Rxb4 46. Rc8 Ne3
47. Bxh3 Nxh3 48. Kxh3 Ke6 49. Kg3 Nf5+ 50. Kh3 Rh4+ 51. Kg2 Rh5 52. Rc6+ Kd5
53. Ra6 Rxg5+ 54. Kf2 Nh4 55. Ra5+ Ke6 56. Ke3 Rf5 57. Ra6+ Kf7 58. Ra7+ Kf6
59. Ra6+ Kg5 60. Ke4 Rf4+ 0-1

[Event "International chess holiday K22"]
[Site "Praha"]
[Date "2012.07.26"]
[Round "8"]
[White "Lakoviè, Igor"]
[Black "Borries, Barbara"]
[Result "1-0"]
[ECO "D00"]
[WhiteElo "1936"]
[BlackElo "1647"]
[Annotator ",Martin"]
[PlyCount "101"]
[TimeControl "240+2"]

1. d4 Nf6 2. Bg5 d5 3. Bxf6 exf6 4. e3 Bb4+ 5. c3 Bd6 6.
g3 O-O 7. Bg2 c6 8. Ne2 Re8 9. O-O Bf5 10. Nd2 Na6 11. Nf4 Qd7 12. Nf3 Bxf4 13.
gxf4 Nc7 14. Nh4 Bh3 15. Qf3 Bxg2 16. Qxg2 Re4 17. Kh1 g6 18. Rg1 Ne8 19. c4
Ng7 20. Rac1 Rae8 21. Rc3 R4e7 22. cxd5 cxd5 23. Rgc1 b6 24. a3 Nf5 25. Qh3
Nxh4 26. Qxh4 Kg7 27. Rc6 Qf5 28. Kg1 Re6 29. Rc7 R6e7 30. R7c3 h6 31. Qg3 g5
32. fxg5 Qxg5 33. Kg2 Kg6 34. h4 Qxg3+ 35. Kxg3 Kf5 36. Rc8 Rxc8 37. Rxc8 Rd7
38. Kf3 a5 39. Rc6 Rd8 40. Rxb6 Rg8 41. Rb5 Ke6 42. Rxa5 h5 43. Ra6+ Kf5 44.
Rd6 Rg4 45. Rxd5+ Kg6 46. b4 Rxh4 47. b5 Rh1 48. a4 f5 49. b6 h4 50. Kg2 Rb1
51. Rb5 1-0

[Event "International chess holiday K22"]
[Site "Praha"]
[Date "2012.07.26"]
[Round "8"]
[White "Hánl, František"]
[Black "Bílek, Roman"]
[Result "1/2-1/2"]
[ECO "D07"]
[WhiteElo "1911"]
[BlackElo "1972"]
[Annotator ",Martin"]
[PlyCount "82"]
[TimeControl "240+2"]

1. d4 d5 2. c4 Nc6 3. Nc3 dxc4 4. d5 Ne5 5. e4 Nf6 6. Bxc4
Nxc4 7. Qa4+ Bd7 8. Qxc4 e6 9. Bf4 exd5 10. exd5 Bd6 11. Bxd6 cxd6 12. Nge2 O-O
13. O-O Qb6 14. Qd4 Qxd4 15. Nxd4 a6 16. Rfe1 Rfe8 17. f3 h5 18. Kf2 g5 19.
Rac1 Rxe1 20. Rxe1 Re8 21. Rxe8+ Nxe8 22. Ne4 f6 23. Ke3 Kf7 24. Nb3 Kg6 25. f4
b5 26. a3 h4 27. Nd4 gxf4+ 28. Kxf4 f5 29. Nc3 Nf6 30. Nc6 Nh5+ 31. Ke3 Kg5 32.
a4 bxa4 33. Nxa4 f4+ 34. Kf3 Nf6 35. Nb6 Bg4+ 36. Kf2 Ne4+ 37. Kg1 Kf6 38. h3
Be2 39. b4 f3 40. gxf3 Bxf3 41. Nc4 Nc3 1/2-1/2

[Event "International chess holiday M21"]
[Site "Praha"]
[Date "2012.07.27"]
[Round "9"]
[White "Nilsson, Anders"]
[Black "Powierski, Emil"]
[Result "1/2-1/2"]
[ECO "E29"]
[WhiteElo "2194"]
[BlackElo "2092"]
[Annotator ",Martin"]
[PlyCount "68"]
[TimeControl "240+2"]

1. d4 Nf6 2. c4 e6 3. Nc3 Bb4 4. e3 b6 5. a3 Bxc3+ 6. bxc3
O-O 7. Bd3 c5 8. Ne2 Nc6 9. O-O Ba6 10. e4 Ne8 11. f4 f5 12. Ng3 g6 13. Be3
cxd4 14. Bxd4 Rc8 15. exf5 exf5 16. Qf3 Nxd4 17. cxd4 d5 18. cxd5 Rc3 19. Rfd1
Qd6 20. Ne2 Rxa3 21. Rxa3 Qxa3 22. Bxa6 Qxa6 23. Qe3 Nf6 24. Qe6+ Kg7 25. Rc1
Rf7 26. d6 Ne4 27. Qe5+ Kh6 28. Ng3 Qd3 29. Re1 Qd2 30. Rxe4 fxe4 31. Qg5+ Kg7
32. Qe5+ Kh6 33. Qg5+ Kg7 34. Qe5+ Kh6 1/2-1/2

[Event "International chess holiday M21"]
[Site "Praha"]
[Date "2012.07.27"]
[Round "9"]
[White "Hanko, Pavel"]
[Black "Aigner, Georg"]
[Result "1-0"]
[ECO "E11"]
[WhiteElo "2169"]
[BlackElo "2007"]
[Annotator ",Martin"]
[PlyCount "70"]
[TimeControl "240+2"]

1. d4 e6 2. c4 Bb4+ 3. Bd2 Qe7 4. Nf3 Nf6 5. g3 b6 6. Bg2
Nc6 7. O-O Rb8 8. Nc3 O-O 9. Qc2 Bb7 10. e4 e5 11. dxe5 Nxe5 12. Nxe5 Qxe5 13.
Bf4 Qe6 14. Nd5 Bd6 15. Rfe1 Bxf4 16. Nxf4 Qe5 17. Nd3 Qh5 18. e5 Bxg2 19. Kxg2
Ng4 20. h3 Nh6 21. Nf4 Qg5 22. Rad1 Rfe8 23. Qa4 Rxe5 24. Qxd7 Rxe1 25. Rxe1
Qd8 26. Re7 g5 27. Nd5 Qxd7 28. Rxd7 c5 29. Rxa7 b5 30. Nf6+ Kg7 31. Nd7 Re8
32. cxb5 Nf5 33. b6 Nd4 34. b7 Nc6 35. Ra8 Re1 1-0

[Event "International chess holiday M21"]
[Site "Praha"]
[Date "2012.07.27"]
[Round "9"]
[White "Moravec, Vít"]
[Black "Knechtel, Roland"]
[Result "1/2-1/2"]
[ECO "B94"]
[WhiteElo "2141"]
[BlackElo "2189"]
[Annotator ",Martin"]
[PlyCount "57"]
[TimeControl "240+2"]

1. e4 c5 2. Nf3 d6 3. d4 cxd4 4. Nxd4 Nf6 5. Nc3 a6 6. Bg5
Nbd7 7. f4 b5 8. Bxf6 Nxf6 9. e5 dxe5 10. fxe5 Bg4 11. Qd3 b4 12. Ncb5 axb5 13.
exf6 exf6 14. h3 Bd7 15. O-O-O Rxa2 16. Kb1 Qa8 17. Nb3 Ra7 18. Qxb5 Be7 19.
Rxd7 Rxd7 20. Be2 O-O 21. Qxd7 Qxg2 22. Qd1 g6 23. Qf1 Qb7 24. Bf3 Qc7 25. Qd3
f5 26. Rd1 Rd8 27. Qe2 Rb8 28. Qd3 Rd8 29. Qe2 1/2-1/2

[Event "International chess holiday M21"]
[Site "Praha"]
[Date "2012.07.27"]
[Round "9"]
[White "Dalling, Peter"]
[Black "Gregor, Jiøí"]
[Result "0-1"]
[ECO "A00"]
[WhiteElo "1958"]
[BlackElo "2281"]
[Annotator ",Martin"]
[PlyCount "58"]
[TimeControl "240+2"]

1. Nc3 d5 2. e4 d4 3. Nb1 c5 4. Bc4 Nc6 5. Qh5 e6 6. d3
Nf6 7. Qe2 b5 8. Bb3 Bb7 9. f4 Be7 10. Nf3 O-O 11. O-O Qb6 12. Kh1 Na5 13. Ne5
Rfd8 14. Nd2 Rac8 15. Nxf7 Kxf7 16. f5 Nxb3 17. Nxb3 exf5 18. Rxf5 Kg8 19. Bg5
c4 20. Nd2 c3 21. bxc3 Rxc3 22. Nf3 Rdc8 23. Qf2 Bxe4 24. dxe4 Nxe4 25. Qh4
Nxg5 26. Nxg5 h6 27. Qh5 Bxg5 28. Qf7+ Kh7 29. Raf1 Qg6 0-1

[Event "International chess holiday K21"]
[Site "Praha"]
[Date "2012.07.27"]
[Round "9"]
[White "Krupièka, Josef"]
[Black "Pokorný, Jan"]
[Result "0-1"]
[ECO "E61"]
[WhiteElo "1879"]
[BlackElo "1814"]
[Annotator ",Martin"]
[PlyCount "72"]
[TimeControl "240+2"]

1. d4 d6 2. Nf3 Nf6 3. Bf4 g6 4. e3 Bg7 5. h3 O-O 6. Be2
b6 7. O-O Bb7 8. c4 Nbd7 9. Nc3 Ne4 10. Qc2 Nxc3 11. bxc3 e5 12. Bh2 Qe7 13.
Rae1 a5 14. a4 Ba6 15. Nd2 f5 16. Kh1 Qf7 17. Bf3 e4 18. Be2 Kh8 19. f3 exf3
20. Bxf3 Rae8 21. Bd5 Qe7 22. e4 fxe4 23. Nxe4 Rxf1+ 24. Rxf1 Rf8 25. Rxf8+
Qxf8 26. Ng5 Qf1+ 27. Bg1 Bxc4 28. Bxc4 Qxc4 29. Qe4 Nf8 30. h4 h6 31. Nh3 Qxa4
32. Nf4 Qd7 33. Be3 Qg4 34. Bf2 Qf5 35. Qe3 a4 36. Bg3 a3 0-1

[Event "International chess holiday K21"]
[Site "Praha"]
[Date "2012.07.27"]
[Round "9"]
[White "Powierski, Christian"]
[Black "Derfiòák, Patrik"]
[Result "1/2-1/2"]
[ECO "B13"]
[WhiteElo "1953"]
[BlackElo "1992"]
[Annotator ",Martin"]
[PlyCount "22"]
[TimeControl "240+2"]

1. e4 c6 2. d4 d5 3. exd5 cxd5 4. Bd3 Nc6 5. c3 g6 6. Bf4
Bg7 7. Nf3 Nf6 8. O-O O-O 9. Nbd2 Nh5 10. Be3 Qd6 11. Re1 e5 1/2-1/2

[Event "International chess holiday K21"]
[Site "Praha"]
[Date "2012.07.27"]
[Round "9"]
[White "Taylor, Robert"]
[Black "Hadžala, Daniel"]
[Result "0-1"]
[ECO "A54"]
[WhiteElo "1950"]
[BlackElo "2126"]
[Annotator ",Martin"]
[PlyCount "84"]
[TimeControl "240+2"]

1. c4 Nf6 2. d4 d6 3. Nc3 Nbd7 4. g3 e5 5. Bg2 Be7 6. Nf3
c6 7. O-O O-O 8. Qc2 Qc7 9. b3 Re8 10. Bb2 exd4 11. Nxd4 a5 12. Nf5 Bf8 13.
Rad1 Nc5 14. Rd2 Be6 15. Nd4 Bg4 16. f3 Bd7 17. e4 Qb6 18. Kh1 a4 19. Rb1 axb3
20. axb3 Rad8 21. Bc1 Na6 22. Qd1 g6 23. Na4 Qc7 24. Ne2 d5 25. cxd5 cxd5 26.
Rc2 Bc6 27. Bf4 Qe7 28. e5 Nh5 29. Nd4 Nxf4 30. gxf4 Qh4 31. Nxc6 bxc6 32. Rxc6
Nb4 33. Rf6 Be7 34. Rb6 Qxf4 35. Qe1 Nd3 36. Qg3 Qe3 37. Rf1 Bg5 38. f4 Bxf4
39. Rxf4 Qxf4 40. Qxd3 Rxe5 41. Bf3 Re3 42. Rb4 Qxf3+ 0-1

[Event "International chess holiday K21"]
[Site "Praha"]
[Date "2012.07.27"]
[Round "9"]
[White "Koper, Štefan"]
[Black "Schoenmakers, Nico"]
[Result "1-0"]
[ECO "D13"]
[WhiteElo "1960"]
[BlackElo "1916"]
[Annotator ",Martin"]
[PlyCount "51"]
[TimeControl "240+2"]

1. d4 d5 2. c4 c6 3. cxd5 cxd5 4. Nc3 e6 5. Nf3 Nf6 6. Bg5
Be7 7. e3 a6 8. Bd3 Nbd7 9. O-O h6 10. Bh4 O-O 11. Nd2 Re8 12. f4 Nh7 13. Bxe7
Qxe7 14. Nf3 f5 15. Kh1 Ndf6 16. Ne5 Ne4 17. Bxe4 dxe4 18. g4 Nf6 19. Rg1 Nd5
20. Nxd5 exd5 21. g5 hxg5 22. Rxg5 Be6 23. Qh5 Rac8 24. Rag1 Rc7 25. Rxg7+ Qxg7
26. Qxe8+ 1-0

[Event "International chess holiday K22"]
[Site "Praha"]
[Date "2012.07.27"]
[Round "9"]
[White "Vítek, Jan"]
[Black "Franìk, Jan"]
[Result "1/2-1/2"]
[ECO "C55"]
[WhiteElo "1970"]
[BlackElo "1965"]
[Annotator ",Martin"]
[PlyCount "20"]
[TimeControl "240+2"]

1. e4 e5 2. Nf3 Nc6 3. Bc4 Nf6 4. d3 Be7 5. c3 O-O 6. Bb3
d5 7. Qe2 h6 8. Nbd2 Re8 9. O-O Bg4 10. Re1 a6 1/2-1/2

[Event "International chess holiday K22"]
[Site "Praha"]
[Date "2012.07.27"]
[Round "9"]
[White "Èisárik, Pavol"]
[Black "Hánl, František"]
[Result "0-1"]
[ECO "B19"]
[WhiteElo "1728"]
[BlackElo "1911"]
[Annotator ",Martin"]
[PlyCount "60"]
[TimeControl "240+2"]

1. e4 c6 2. d4 d5 3. Nc3 dxe4 4. Nxe4 Bf5 5. Ng3 Bg6 6.
Nf3 Nd7 7. h4 h6 8. h5 Bh7 9. Bd3 Bxd3 10. Qxd3 Qc7 11. c4 e6 12. Bd2 O-O-O 13.
O-O Ngf6 14. Rfe1 Bd6 15. Ne4 Bf4 16. Qa3 Nxe4 17. Rxe4 Bxd2 18. Nxd2 Nf6 19.
c5 Nxe4 20. Nxe4 Rxd4 21. Nd6+ Kb8 22. Qc3 e5 23. Nf5 Rd5 24. b4 Rhd8 25. Ne3
Rd3 26. Qc2 Qe7 27. a4 Qf6 28. Rd1 Rxd1+ 29. Nxd1 Qf4 30. b5 Qd2 0-1

[Event "International chess holiday K22"]
[Site "Praha"]
[Date "2012.07.27"]
[Round "9"]
[White "Borries, Barbara"]
[Black "Wolf, Ulrich"]
[Result "0-1"]
[ECO "B40"]
[WhiteElo "1647"]
[BlackElo "2056"]
[Annotator ",Martin"]
[PlyCount "120"]
[TimeControl "240+2"]

1. e4 c5 2. Nf3 e6 3. c3 d6 4. d4 Qc7 5. Bb5+ Nd7 6. dxc5
Qxc5 7. Na3 Ngf6 8. Be3 Qc7 9. Nd2 Be7 10. f3 O-O 11. O-O d5 12. Nc2 Nc5 13.
exd5 Nxd5 14. Re1 Nxe3 15. Nxe3 Rd8 16. Qc2 a6 17. Bf1 b5 18. Be2 Bb7 19. Ndf1
Qb6 20. Kh1 Rac8 21. a3 Bg5 22. Rad1 Nd7 23. Bd3 Nf6 24. Qe2 Bh4 25. Ng3 Qc7
26. Nef1 Rd7 27. Bb1 Bd5 28. Qe5 Qb7 29. Rd4 Rc4 30. Red1 Qc7 31. Qxc7 Rdxc7
32. Ne3 Rxd4 33. Rxd4 Bg5 34. Nxd5 Nxd5 35. Ne4 Bc1 36. Ba2 Bxb2 37. Bxd5 exd5
38. Rxd5 Bxa3 39. Rd8+ Bf8 40. Ra8 f5 41. Ng5 Rxc3 42. Kg1 Rc6 43. f4 h6 44.
Nf3 Rd6 45. h4 Kf7 46. h5 Be7 47. Ne5+ Ke6 48. Ng6 Bf6 49. Kf2 Rb6 50. Ke2 b4
51. Kd2 b3 52. Kc1 b2+ 53. Kb1 Rc6 54. Re8+ Kf7 55. Re1 Bc3 56. Ne5+ Bxe5 57.
fxe5 Rb6 58. Rd1 Ke6 59. Rd6+ Rxd6 60. exd6 Kxd6 0-1

[Event "International chess holiday K22"]
[Site "Praha"]
[Date "2012.07.27"]
[Round "9"]
[White "Bílek, Roman"]
[Black "Bouèek, Vlastimil"]
[Result "1/2-1/2"]
[ECO "C11"]
[WhiteElo "1972"]
[BlackElo "2008"]
[Annotator ",Martin"]
[PlyCount "70"]
[TimeControl "240+2"]

1. e4 Nf6 2. Nc3 e6 3. d4 d5 4. e5 Nfd7 5. f4 c5 6. Nf3
Nc6 7. Be3 cxd4 8. Nxd4 Bc5 9. Qd2 a6 10. O-O-O Nxd4 11. Bxd4 g6 12. h4 h5 13.
Be2 b6 14. g4 hxg4 15. Bxg4 Rxh4 16. Qf2 Be7 17. Rxh4 Bxh4 18. Qg1 Qe7 19. Bxb6
Qb4 20. Bd4 Bb7 21. Bxe6 fxe6 22. Qxg6+ Kd8 23. Qxe6 Qc4 24. Kb1 Qc6 25. Qf7
Be7 26. f5 Bc5 27. Bxc5 Qxc5 28. e6 Qe7 29. Qxe7+ Kxe7 30. exd7 Kxd7 31. Nxd5
Kc6 32. Ne7+ Kc7 33. c4 Rf8 34. Nd5+ Kd6 35. Kc2 Ke5 1/2-1/2

[Event "International chess holiday M31"]
[Site "Praha"]
[Date "2012.07.29"]
[Round "1"]
[White "Spindler, Markus"]
[Black "Nguyen Thai Dai Van"]
[Result "1/2-1/2"]
[ECO "B22"]
[WhiteElo "2092"]
[BlackElo "2007"]
[Annotator ",Martin"]
[PlyCount "111"]
[TimeControl "240+2"]

1. e4 c5 2. c3 Nf6 3. e5 Nd5 4. d4 cxd4 5. Nf3 e6 6. Nxd4
d6 7. Bb5+ Bd7 8. exd6 Bxd6 9. Qf3 Bxb5 10. Nxb5 Nc6 11. Nxd6+ Qxd6 12. O-O O-O
13. Na3 Qe7 14. Nc4 Rac8 15. b3 Rfd8 16. Ba3 Qc7 17. Bb2 b5 18. Na3 b4 19. cxb4
Ndxb4 20. Qg4 e5 21. Nc4 Nd4 22. Qe4 Nbc6 23. Rac1 f5 24. Qe3 f4 25. Qe4 f3 26.
gxf3 Qf7 27. Bxd4 Rxd4 28. Nxe5 Rxe4 29. Nxf7 Re6 30. Ng5 Rg6 31. f4 h6 32. h4
hxg5 33. fxg5 Rd6 34. Rc4 Rcd8 35. Rfc1 Ne5 36. Ra4 Rd1+ 37. Rxd1 Rxd1+ 38. Kg2
Rd7 39. f4 Nc6 40. f5 Nd4 41. f6 gxf6 42. gxf6 Kf7 43. Ra6 Ne6 44. b4 Kxf6 45.
b5 Rb7 46. h5 Rxb5 47. Rxa7 Rxh5 48. Ra6 Rd5 49. Kf3 Ke5 50. a4 Nc5 51. Ra8 Rd6
52. Ke3 Kd5 53. Kd2 Kc4+ 54. Kc2 Kb4 55. Ra7 Nxa4 56. Rg7 1/2-1/2

[Event "International chess holiday M31"]
[Site "Praha"]
[Date "2012.07.29"]
[Round "1"]
[White "Hentzgen, Thomas"]
[Black "Michálek, František"]
[Result "1/2-1/2"]
[ECO "A90"]
[WhiteElo "2036"]
[BlackElo "2069"]
[Annotator ",Martin"]
[PlyCount "39"]
[TimeControl "240+2"]

1. c4 f5 2. d4 Nf6 3. g3 e6 4. Bg2 d5 5. Nh3 c6 6. Qc2 Bd6
7. Bf4 Qe7 8. O-O O-O 9. Nd2 a5 10. Nf3 Na6 11. a3 Bd7 12. Bxd6 Qxd6 13. c5 Qc7
14. Nf4 Rab8 15. Nd3 b6 16. b4 bxc5 17. bxc5 Rb5 18. Rab1 Rfb8 19. Rxb5 Rxb5
20. Rb1 1/2-1/2

[Event "International chess holiday M31"]
[Site "Praha"]
[Date "2012.07.29"]
[Round "1"]
[White "Koper, Stefan"]
[Black "Gregor, Jiøí"]
[Result "0-1"]
[ECO "D15"]
[WhiteElo "1960"]
[BlackElo "2281"]
[Annotator ",Martin"]
[PlyCount "104"]
[TimeControl "240+2"]

1. d4 d5 2. c4 c6 3. Nc3 Nf6 4. Nf3 a6 5. Qb3 b5 6. cxd5
cxd5 7. a4 b4 8. Qxb4 e6 9. Qb3 Nc6 10. e3 Rb8 11. Qd1 Bb4 12. Bd3 Ne4 13. Bxe4
dxe4 14. Nd2 f5 15. O-O O-O 16. f3 a5 17. fxe4 Ba6 18. Nb5 Bxb5 19. axb5 Nxd4
20. exd4 Qxd4+ 21. Kh1 Rbd8 22. Qb3 fxe4 23. Qxe6+ Kh8 24. Rxf8+ Rxf8 25. Qg4
Bc5 26. Qd1 e3 27. Qe1 Bb4 28. Qe2 exd2 29. Bxd2 Qxd2 30. Qxd2 Bxd2 31. g3 h6
32. Kg2 Rf5 33. Rd1 Bg5 34. b6 Rb5 35. Rd6 Rxb2+ 36. Kf3 a4 37. h4 Bf6 38. b7
Rxb7 39. Ra6 Rb3+ 40. Kg4 a3 41. Kh5 Kh7 42. Ra7 Rb5+ 43. Kg4 h5+ 44. Kf3 Rb3+
45. Kf4 Kg6 46. Ra4 Be7 47. Ra6+ Kf7 48. Ra5 g6 49. Ra6 Rb2 50. Kf3 a2 51. g4
Rb3+ 52. Kg2 Ra3 0-1

[Event "International chess holiday M31"]
[Site "Praha"]
[Date "2012.07.29"]
[Round "1"]
[White "Kratochvil, Jakub"]
[Black "Hofirek, Benedikt"]
[Result "1/2-1/2"]
[ECO "C93"]
[WhiteElo "2136"]
[BlackElo "2041"]
[Annotator ",Martin"]
[PlyCount "79"]
[TimeControl "240+2"]

1. e4 e5 2. Nf3 Nc6 3. Bb5 a6 4. Ba4 Nf6 5. O-O Be7 6. Re1
b5 7. Bb3 d6 8. c3 O-O 9. h3 Bb7 10. d4 Re8 11. Nbd2 Bf8 12. Bc2 h6 13. d5 Nb8
14. a4 Nbd7 15. Nf1 c6 16. dxc6 Bxc6 17. Ng3 g6 18. Qe2 Nc5 19. axb5 axb5 20.
Bd2 Qb6 21. Be3 Qb7 22. Nd2 b4 23. Bxc5 dxc5 24. Nc4 Bb5 25. Bd3 Ba4 26. Nf1
Qc6 27. Nfd2 Qe6 28. Nf3 Nd7 29. Ne3 Nb6 30. Nd5 Nxd5 31. exd5 Qd6 32. Nd2 Bg7
33. Nc4 Qf6 34. Qe3 bxc3 35. Be4 Bb3 36. Qxc3 Bxc4 37. Qxc4 Qd6 38. Bc2 Reb8
39. Rxa8 Rxa8 40. Ba4 1/2-1/2

[Event "International chess holiday M31"]
[Site "Praha"]
[Date "2012.07.29"]
[Round "1"]
[White "Hadzala, Daniel"]
[Black "Staufenberger, Bernd"]
[Result "0-1"]
[ECO "D35"]
[WhiteElo "2126"]
[BlackElo "2079"]
[Annotator ",Martin"]
[PlyCount "74"]
[TimeControl "240+2"]

1. d4 d5 2. Nf3 Nf6 3. c4 e6 4. Nc3 c6 5. cxd5 exd5 6. Bg5
Bf5 7. Qb3 Qb6 8. Bxf6 Qxb3 9. axb3 gxf6 10. g3 Be7 11. Bg2 Na6 12. O-O O-O 13.
e4 dxe4 14. Nh4 Be6 15. Nxe4 Rfd8 16. Ra5 Rxd4 17. Nf5 Bxf5 18. Rxf5 Rad8 19.
Bf3 Kg7 20. Re1 Nc7 21. g4 Ne6 22. h4 Rd3 23. Ng3 Rxb3 24. Be4 Bb4 25. Nh5+ Kf8
26. Re3 Rxe3 27. fxe3 Ng7 28. Nxg7 Kxg7 29. g5 Be7 30. Kf2 Rd2+ 31. Kf3 Rxb2
32. gxf6+ Bxf6 33. Rf4 h5 34. Rf5 Rb5 35. Rf4 a5 36. Bf5 Rb4 37. e4 Be5 0-1

[Event "International chess holiday K31"]
[Site "Praha"]
[Date "2012.07.29"]
[Round "1"]
[White "Vavøinec, Tomáš"]
[Black "Koller, Martin"]
[Result "1/2-1/2"]
[ECO "E69"]
[WhiteElo "1995"]
[BlackElo "1900"]
[Annotator ",Martin"]
[PlyCount "92"]
[TimeControl "240+2"]

1. c4 g6 2. Nc3 Bg7 3. g3 Nf6 4. Nf3 O-O 5. Bg2 c6 6. e4
d6 7. d4 Nbd7 8. O-O e5 9. h3 Re8 10. Bg5 h6 11. Be3 a5 12. Qd2 Kh7 13. Qc2
exd4 14. Nxd4 Nb6 15. b3 a4 16. Rfd1 axb3 17. axb3 Rxa1 18. Rxa1 Nbd7 19. Nde2
Qe7 20. Rd1 Nc5 21. f3 Nfd7 22. Bf2 Ne5 23. f4 Ned3 24. Rxd3 Nxd3 25. Qxd3 f5
26. exf5 Bxf5 27. Qd2 Qd7 28. Kh2 Be6 29. Nd4 Bf7 30. Qd3 d5 31. cxd5 cxd5 32.
h4 h5 33. Nf3 d4 34. Ng5+ Kg8 35. Nxf7 Kxf7 36. Nb5 Rd8 37. Qc4+ Qe6 38. Qd3
Qa6 39. Be4 Re8 40. Qc4+ Kf8 41. Qc5+ Kg8 42. Bd5+ Kh7 43. Nxd4 Qf1 44. Ne6 Ra8
45. Ng5+ Kh6 46. Bg2 Qe2 1/2-1/2